 Dungeon Crawl Stone Soup version 0.29.1-12-g30fa7ad0bf (webtiles) character file.

Game seed: 8904405066190034616

377 Coaxmetal the Chopper (level 6, -7/55 HPs)
             Began as a Minotaur Berserker on Dec 19, 2022.
             Was a Believer of Trog.
             Mangled by a soul eater (12 damage)
             ... on level 1 of the Abyss.
             The game lasted 00:04:34 (4179 turns).

Coaxmetal the Chopper (Minotaur Berserker)          Turns: 4179, Time: 00:04:34

Health: -7/55      AC:  3    Str: 27    XL:     6   Next: 45%
Magic:  5/5        EV:  9    Int:  6    God:    Trog [**....]
Gold:   101        SH:  0    Dex: 10    Spells: 5/5 levels left

rFire   . . .      SeeInvis .   a - +0 hand axe
rCold   . . .      Faith    .   (no shield)
rNeg    . . .      Spirit   .   b - +0 animal skin
rPois   .          Reflect  .   (helmet restricted)
rElec   .          Harm     .   (no cloak)
rCorr   .          Rampage  .   (no gloves)
Will    .....                   o - +0 pair of boots
Stlth   ++........              (no amulet)
HPRegen 0.18/turn               q - +6 ring of strength
MPRegen 0.09/turn               (no ring)

@: constricted
A: horns 2, retaliatory headbutt
a: Renounce Religion, Berserk, Trog's Hand


You were on level 1 of the Abyss.
You worshipped Trog.
Trog was pleased with you.
You visited 1 branch of the dungeon, and saw 4 of its levels.
You visited the Abyss 1 time.

You collected 101 gold pieces.

Inventory:

Hand Weapons
 a - a +0 hand axe (weapon)
Missiles
 h - 5 datura-tipped darts (quivered)
Armour
 b - a +0 animal skin (worn)
 o - a +0 pair of boots (worn)
Jewellery
 q - a +6 ring of strength (left hand)
Wands
 s - a wand of digging (6)
Scrolls
 d - a scroll of noise {unknown}
 f - 2 scrolls of fear {unknown}
 j - a scroll of magic mapping {unknown}
 l - 2 scrolls of identify {unknown}
 m - a scroll of immolation {unknown}
 n - a scroll of enchant weapon {unknown}
 p - a scroll of vulnerability {unknown}
 r - a scroll of poison {unknown}
Potions
 c - 4 potions of heal wounds
 e - 2 potions of brilliance {unknown}
 g - 4 potions of curing {unknown}
 i - a potion of cancellation {unknown}
 k - a potion of might {unknown}
 t - a potion of attraction {unknown}
 u - a potion of degeneration {unknown}


   Skills:
 + Level 4.8 Fighting
 + Level 4.9 Axes
 * Level 3.4 Throwing
 - Level 2.4 Armour
 - Level 2.1 Dodging
 * Level 3.3 Stealth


You had 5 spell levels left.
You didn't know any spells.
Your spell library was empty.

Dungeon Overview and Level Annotations

Branches:
Dungeon (4/15)
 Temple: D:4-7

Altars:
Fedhas
Kikubaaqudgha
Qazlal

Annotations:
D:4 Edmund


Innate Abilities, Weirdness & Mutations

You have a pair of horns on your head.
You reflexively headbutt those who attack you in melee.


Message History

The tentacled starspawn tentacle-slaps you.
* * * LOW HITPOINT WARNING * * *
Tentacles burst from the starspawn's body! 2 starspawn tentacles come into view.
The starspawn tentacle closely misses you.
You furiously retaliate!
You headbutt the starspawn tentacle. The starspawn tentacle grabs you.
The starspawn tentacle constricts you.
* * * LOW HITPOINT WARNING * * *
The starspawn tentacle's grasp on you weakens, but your attempt to escape fails.
The starspawn tentacle constricts you.
* * * LOW HITPOINT WARNING * * *
You escape the starspawn tentacle's grasp.
A soul eater comes into view.
Tentacles burst from the starspawn's body! 2 starspawn tentacles come into view.
A tentacled starspawn comes into view.
Found a gateway leading deeper into the Abyss.
A quasit comes into view.
Press: ? - help, v - describe, . - travel The floor, spattered with blood.
The quasit gives a chilling moan.
A worldbinder comes into view.
A tentacle flies out from the starspawn's body!
A starspawn tentacle comes into view.
A tentacle flies out from the starspawn's body!
The quasit bites you but does no damage.
The quasit closely misses you. The quasit claws you.
* * * LOW HITPOINT WARNING * * *
A starspawn tentacle comes into view.
A starspawn tentacle comes into view.
The quasit attacks as you move away! The quasit bites you.
* * * LOW HITPOINT WARNING * * *
The quasit claws you.
* * * LOW HITPOINT WARNING * * *
The quasit claws you but does no damage.
The starspawn tentacle grabs you. The starspawn tentacle constricts you.
* * * LOW HITPOINT WARNING * * *
A raiju comes into view.
The soul eater draws from the surrounding life force!
You die...

#.###.# ...#...###
#....# ###...#.
#X.\.#...#..# ...
##│##>#....
..#...#
#│..│....... . ..
# #│.3w...###.#
..#.
##│x.....#.#...>#.
#w5#...#.# # .#
##@#...#
#......#..#
.....§#.... #
###..#..##.# #.##
... #.# #. #h.# .#
# .#.# # .###.


You could see a tentacled starspawn, a soul eater, a worldbinder (wandering), a
raiju (wandering), 2 starspawn tentacles and a quasit.

Vanquished Creatures
  Grinder (D:4)
  An iguana (D:4)
  7 adders
  A gnoll (D:1)
  An ufetubus (D:4)
  4 worms
  4 dart slugs
  An orc (D:3)
  4 bats
  3 endoplasms (D:1)
  A giant cockroach (D:1)
  5 goblins
  6 hobgoblins
  A quokka (D:3)
  6 ball pythons
  4 frilled lizards (D:1)
  6 kobolds
  3 rats
59 creatures vanquished.

Vanquished Creatures (others)
  A plant (D:3)
  6 starspawn tentacles (Abyss:1)
7 creatures vanquished.

Grand Total: 66 creatures vanquished

Notes
Turn   | Place    | Note
-------+----------+-------------------------------------------
     0 | D:1      | Coaxmetal the Minotaur Berserker began the quest for the
                  | Orb.
     0 | D:1      | Reached XP level 1. HP: 19/19 MP: 0/0
   396 | D:1      | Reached skill level 1 in Stealth
   396 | D:1      | Reached XP level 2. HP: 25/27 MP: 1/1
   449 | D:1      | HP: 1/40 [gnoll/+0 flail (11)]
   943 | D:1      | Reached skill level 1 in Throwing
  1045 | D:1      | Found a faded altar of an unknown god.
  1166 | D:1      | Reached XP level 3. HP: 33/33 MP: 2/2
  2211 | D:2      | Reached ** piety under Trog
  2288 | D:2      | Found an ancient bone altar of Kikubaaqudgha.
  2359 | D:2      | Reached XP level 4. HP: 32/40 MP: 3/3
  3567 | D:3      | Reached XP level 5. HP: 39/47 MP: 4/4
  3750 | D:3      | You fall into a shaft and drop 1 floor!
  3751 | D:4      | Noticed Grinder
  3751 | D:4      | Paralysed by Grinder for 4 turns
  3778 | D:4      | Killed Grinder
  3779 | D:4      | Reached XP level 6. HP: 52/55 MP: 5/5
  3807 | D:4      | Found a stormy altar of Qazlal.
  3811 | D:4      | Found a blossoming altar of Fedhas.
  4042 | D:4      | Noticed Edmund
  4051 | Abyss:1  | Cast into level 1 of the Abyss (Edmund)
  4108 | Abyss:1  | Noticed a hellwing
  4125 | Abyss:1  | Noticed an apocalypse crab
  4128 | Abyss:1  | Noticed a smoke demon
  4132 | Abyss:1  | Noticed a tentacled starspawn
  4134 | Abyss:1  | Noticed a tentacled starspawn
  4153 | Abyss:1  | Noticed a soul eater
  4158 | Abyss:1  | Noticed a tentacled starspawn
  4169 | Abyss:1  | Noticed a worldbinder
  4179 | Abyss:1  | Noticed a raiju
  4179 | Abyss:1  | Mangled by a soul eater

Illustrated notes

Levels and vault maps discovered:
D:1:      lightli_molten_gateway, layout_loops_corners,
          chequers_ecumenical_altar_island, chequers_decorated_corner,
          grunt_decor_fettered
D:2:      layout_basic, basic_altar, serial_rivers,
          chequers_serial_rivers_large_a, chequers_serial_rivers_marsh,
          chequers_serial_rivers_micro_e, chequers_serial_rivers_micro_a,
          chequers_serial_rivers_small_a, chequers_serial_rivers_small_b,
          hangedman_abyss_or_decor_stabs
D:3:      layout_basic, serial_forest, infiniplex_forest_diagonal,
          infiniplex_forest_end_2, infiniplex_forest_clump_small,
          infiniplex_forest_side_room, infiniplex_forest_lined_room_,
          infiniplex_forest_straight_2, infiniplex_forest_straight_4,
          infiniplex_forest_fountain, infiniplex_forest_clump_long, st_stairs_8
D:4:      layout_layer_cave, grunt_temple_overflow_forces_of_nature,
          grunt_decor_junction, st_stairs_13, uniq_edmund, uniq_grinder
Abyss:1:  base: D:2, evilmike_abyss_exit_14

Skill      XL: |  1  2  3  4  5 |
---------------+----------------+-----
Stealth        | 1 2 3 |  3.3
Fighting       | 4 |  4.8
Throwing       | 1 2 3 |  3.4
Axes           | 4 |  4.9
Armour         | |  2.4
Dodging        | |  2.1

Action                   |  1- 3 |  4- 6 || total
-------------------------+-------+-------++-------
Melee: Hand axe          |    78 |    83 ||   161
       Headbutt          |    13 |    16 ||    29
       Punch             |     1 |       ||     1
Throw: Stone             |     7 |     4 ||    11
       Dart              |     1 |     1 ||     2
Invok: Berserk           |     1 |     1 ||     2
       Trog's Hand       |       |     1 ||     1
 Stab: Sleeping          |     4 |     1 ||     5
Armor: Animal skin       |     5 |     6 ||    11
Dodge: Dodged            |    48 |    63 ||   111
